[Event "*** Titled Tuesday Blitz"]
[Site "Chess.com"]
[Date "2020.04.07"]
[Round "6"]
[White "Sadikhov_Ulvi"]
[Black "Khamrakulov_Djurabek"]
[Result "0-1"]
[WhiteElo "2713"]
[BlackElo "2904"]
[TimeControl "180+1"]
[EndTime "14:08:43 PDT"]
[Termination "Khamrakulov_Djurabek won by resignation"]

1. Nf3 d5 2. g3 g6 3. Bg2 Bg7 4. O-O e5 5. d3 Ne7 6. e4 O-O 7. exd5 Nxd5 8. Re1 Nc6 9. Nc3 Nde7 10. Rb1 a5 11. a4 h6 12. Nd2 Kh7 13. Nc4 Be6 14.
b3 Qd7 15. Nb5 Bd5 16. Bb2 Bxg2 17. Kxg2 Rad8 18. Qf3 f6 19. Rbd1 Nf5 20. Bc3 b6 21.
Bb2 Rf7 22. Re2 Bf8 23. Ree1 Bc5 24. c3 Kg7 25. Qe4 Bf8 26. d4 exd4 27. cxd4 Bb4 28.
Rf1 Re7 29. Qf3 Qd5 30. Ne3 Rxe3 31. Qxd5 Rxd5 32. fxe3 Nxe3+ 33. Kf3 Nxf1 34. Rxf1 Rf5+ 35. Ke2 Rxf1 36. Kxf1 Bd6 37. Ke2 Kf7 38. Kd3 Nb4+ 39. Kc4 Nc2 40. Nxd6+ cxd6 41. Kd5 Ke7 42. Kc6 f5 43.
Kxb6 g5 44. Bc1 Nxd4 45. Be3 Nxb3 46. Kb5 d5 47. h4 f4 48. gxf4 gxh4 49. f5 h3 50. Bf4 Kf6 51. Bh2 Kxf5 0-1

[Event "*** Titled Tuesday Blitz"]
[Site "Chess.com"]
[Date "2020.04.07"]
[Round "6"]
[White "Atanejhad"]
[Black "Hangar-18"]
[Result "0-1"]
[WhiteElo "2515"]
[BlackElo "2420"]
[TimeControl "180+1"]
[EndTime "14:08:43 PDT"]
[Termination "Hangar-18 won on time"]

1. e4 e6 2. d4 c5 3. Nf3 cxd4 4. Nxd4 a6 5. c4 Nf6 6. Nc3 Qc7 7. a3 b6 8. Be3 Bb7 9. f3 d6 10. Rc1 Be7 11. Be2 O-O 12. O-O Nbd7 13. Qd2 Rac8 14.
Rfd1 Rfe8 15. Bf1 Qb8 16. Qf2 Bd8 17. Kh1 h5 18. b4 Ne5 19. Nb3 Nxc4 20. Bxc4 Rxc4 21.
Bxb6 Ba8 22. Bxd8 Rxd8 23. Na5 Rc7 24. h3 d5 25. exd5 Nxd5 26. Nxd5 Rxc1 27. Rxc1 Bxd5 28.
Qh4 Rc8 29. Rxc8+ Qxc8 30. Qxh5 Qc1+ 31. Kh2 Qf4+ 32. Kg1 g6 33. Qg4 Qe3+ 34. Kh2 Qxa3 35. Qd4 Qc1 36. h4 Qc7+ 37. Kh3 Qc2 38. Kg3 Qe2 39.
Qf4 Kg7 40. Kh2 Qe1 41. h5 gxh5 42. Qg5+ Kf8 43. Qd8+ Kg7 44. Qg5+ Kf8 45. Qxh5 Qxb4 46. Qh8+ Ke7 47. Qh4+ Qxh4+ 0-1

[Event "*** Titled Tuesday Blitz"]
[Site "Chess.com"]
[Date "2020.04.07"]
[Round "6"]
[White "WelshTiger"]
[Black "Grandmaster2B"]
[Result "1-0"]
[WhiteElo "2418"]
[BlackElo "2537"]
[TimeControl "180+1"]
[EndTime "14:08:46 PDT"]
[Termination "WelshTiger won on time"]

1. e4 c5 2. Nf3 d6 3. d4 cxd4 4. Nxd4 Nf6 5. Nc3 a6 6. Be2 e5 7.
Nf3 Be6 8. Bg5 Be7 9. Bxf6 Bxf6 10. Nd5 Nd7 11. O-O O-O 12. Bc4 b5 13. Bb3 Rc8 14. a4 bxa4 15. Bxa4 Bxd5 16. Qxd5 Nb6 17. Qd3 Qc7 18. Bb3 Nd7 19. Rxa6 Nc5 20. Qxd6 Nxa6 21.
Qxa6 Ra8 22. Qe2 Rab8 23. Nd2 Rfd8 24. Nc4 Qc5 25. Ne3 g6 26. Nd5 Bg7 27. g3 Kh8 28.
Rd1 Rf8 29. Kg2 f5 30. f3 fxe4 31. Qxe4 Rb7 32. h4 Rbf7 33. Rd3 Ra7 34. Rc3 Qd4 35.
Qxd4 exd4 36. Rc6 Re8 37. Nf4 Ra1 38. Ne6 Bf6 39. h5 gxh5 40. Nf4 Be5 41. Nxh5 Rb1 42.
Bc4 Rxb2 43. Bd3 Rb7 44. f4 Bg7 45. Kf3 Re3+ 46. Kg4 Ree7 47. f5 Rf7 48. f6 Bf8 49.
Kf5 Rbc7 50. Rxc7 Rxc7 51. Nf4 Bh6 52. Ne6 Rf7 53. g4 Be3 54. g5 Bf2 55. Nd8 Rf8 56.
Ne6 Rf7 57. Nf4 Be3 58. g6 1-0

[Event "*** Titled Tuesday Blitz"]
[Site "Chess.com"]
[Date "2020.04.07"]
[Round "6"]
[White "pedroholly22"]
[Black "maxip32"]
[Result "1-0"]
[WhiteElo "2333"]
[BlackElo "2467"]
[TimeControl "180+1"]
[EndTime "14:08:49 PDT"]
[Termination "pedroholly22 won on time"]

1. e4 c5 2. Nf3 d6 3. d4 cxd4 4. Nxd4 Nf6 5. Nc3 a6 6. Rg1 e5 7. Nb3 h5 8. h3 Be7 9. Be3 Be6 10.
Qd2 Nc6 11. O-O-O Rc8 12. Be2 Na5 13. Kb1 Nc4 14. Bxc4 Rxc4 15. f3 h4 16. g4 hxg3 17.
Rxg3 g6 18. Bg5 Nh5 19. Bxe7 Qxe7 20. Nd5 Bxd5 21. Qxd5 Rc6 22. Rg4 Nf4 23. Rxf4 exf4 24. Na5 Rc5 25. Qd4 O-O 26. Nc4 Rd8 27. Nxd6 Re5 28.
Nf5 Rxd4 29. Nxe7+ Rxe7 30. Rxd4 Re5 31. c4 Rh5 32. e5 g5 33. Rd8+ Kg7 34. Rd7 Kg6 35.
Rxb7 Rxh3 36. c5 g4 37. fxg4 f3 38. Rb6+ Kg5 39. Rf6 Kxg4 40. c6 Rh8 41. Rxf7 Rc8 42. c7 Kg3 43. e6 f2 44. e7 Kg2 45. Rg7+ Kh2 46. Rf7 Kg2 47. Rg7+ Kf3 48. Rf7+ Ke2 49. b4 f1=Q+ 50. Rxf1 Kxf1 51. a4 Ke2 52. b5 axb5 53. axb5 1-0

[Event "*** Titled Tuesday Blitz"]
[Site "Chess.com"]
[Date "2020.04.07"]
[Round "6"]
[White "jamengrand"]
[Black "Obito24"]
[Result "0-1"]
[WhiteElo "2176"]
[BlackElo "2738"]
[TimeControl "180+1"]
[EndTime "14:08:51 PDT"]
[Termination "Obito24 won by resignation"]

1. e4 c5 2. Nf3 d6 3. d4 cxd4 4.
Nxd4 Nf6 5. Nc3 a6 6. Bg5 Nbd7 7. Qe2 e6 8. O-O-O h6 9. Bh4 b5 10. f4 Qc7 11. a3 Rb8 12. g4 b4 13. axb4 Rxb4 14.
Bg2 Be7 15. Bg3 Qb6 16. Bf2 Rxb2 17. Nb3 Qxb3 18. cxb3 Rxe2 19. Nxe2 Nxg4 20. Ba7 Bb7 21. Kb1 Nc5 22. Bxc5 dxc5 23. Rc1 Nf2 24. Rhg1 Nxe4 25. Ng3 Nxg3 26. Bxb7 Ne2 27. Rxg7 Nxc1 28. Kxc1 Bf6 29. Rg3 a5 30. Rg2 Ke7 31. Ra2 Rb8 32. Bc6 Rxb3 33. Rxa5 Rc3+ 34. Kd2 Rh3 35. Ra7+ Kf8 36.
Ra8+ Kg7 37. Ra7 Rxh2+ 38. Ke3 Kf8 39. Ra8+ Kg7 40. Ra7 Bd4+ 41. Kf3 c4 42. Rd7 Rh3+ 43. Kg2 Rd3 44. Bb5 Rd2+ 45. Kh3 c3 46. Ba4 Be3 47.
Rxd2 Bxd2 48. Kg4 Kf6 49. Bb3 h5+ 50. Kg3 h4+ 51. Kg4 h3 52. Kxh3 Bxf4 53. Kg4 Ke5 54. Bxe6 fxe6 0-1

[Event "*** Titled Tuesday Blitz"]
[Site "Chess.com"]
[Date "2020.04.07"]
[Round "6"]
[White "ApacheSVD"]
[Black "IwkooO"]
[Result "1-0"]
[WhiteElo "2367"]
[BlackElo "2535"]
[TimeControl "180+1"]
[EndTime "14:08:51 PDT"]
[Termination "ApacheSVD won on time"]

1. e4 c5 2. Nf3 e6 3. d4 cxd4 4. Nxd4 Nc6 5. Nc3 a6 6. Be3 Nf6 7. Qf3 Bb4 8. Nxc6 bxc6 9. Bd4 c5 10. Bxf6 Qxf6 11. Qxf6 gxf6 12. Bd3 Bb7 13. f3 Rg8 14. Kf2 Bxc3 15. bxc3 Bc6 16. Rab1 Ke7 17. Rb6 a5 18. Rhb1 Rgc8 19. Bb5 Kd6 20. Bxc6 Rxc6 21. c4 Rxb6 22. Rxb6+ Kc7 23. Rb5 d6 24. a4 Kc6 25. Ke3 h6 26. g3 Ra7 27. Kf4 h5 28. g4 hxg4 29. fxg4 Ra8 30. h4 Rh8 31. h5 Ra8 32. g5 fxg5+ 33. Kxg5 Rg8+ 34. Kf6 Rh8 35.
Kg5 Rg8+ 36. Kh4 Rg2 37. h6 Rxc2 38. Kg5 Rg2+ 39. Kh5 Rh2+ 40. Kg5 Rg2+ 41. Kf6 Rg6+ 42. Kxf7 Rxh6 43. Rxa5 Rh4 44. Ra6+ Kc7 45. Ra7+ Kb6 46. Re7 Rxe4 47. Rxe6 Rxc4 48. Rxd6+ Ka5 49. Ke6 Rd4 50. Rc6 Kb4 51. Ke5 Rd8 52. Rc7 c4 53. a5 c3 54. a6 Kb3 55. a7 c2 56. Rb7+ Ka2 57.
Rb8 c1=Q 58. a8=Q+ Qa3 59. Rxd8 1-0

[Event "*** Titled Tuesday Blitz"]
[Site "Chess.com"]
[Date "2020.04.07"]
[Round "6"]
[White "RD4ever"]
[Black "chessdjw"]
[Result "1-0"]
[WhiteElo "2852"]
[BlackElo "2645"]
[TimeControl "180+1"]
[EndTime "14:08:53 PDT"]
[Termination "RD4ever won by resignation"]

1. e4 c5 2. Nf3 d6 3. d4 cxd4 4. Nxd4 Nf6 5. Nc3 a6 6. Bd3 g6 7. Be3 Bg7 8. f3 Nc6 9. Qd2 O-O 10. O-O-O Bd7 11. g4 Rc8 12. Nxc6 Bxc6 13. Kb1 d5 14.
g5 d4 15. gxf6 dxc3 16. Qxc3 Bxf6 17. Qb3 Qa5 18. h4 Ba4 19. Qb6 Qxb6 20. Bxb6 Rc6 21.
Be3 Rcc8 22. h5 Bc6 23. hxg6 hxg6 24. Rd2 b5 25. Rdh2 Rfd8 26. Bf4 e5 27. Be3 Bd7 28.
Bb6 Re8 29. Be3 Be6 30. b3 Kf8 31. Rd2 Ke7 32. Be2 Red8 33. Rhd1 Rxd2 34. Rxd2 Bh4 35.
Rd1 Bg3 36. b4 Kf6 37. Rd6 Be1 38. a3 Ra8 39. Bc5 Bc3 40. Rd3 Bc4 41. Rd6+ Be6 42. Rc6 Rh8 43. Be7+ Kxe7 44. Rxc3 Rh2 45. Bd1 Rf2 46. Rc6 Bc4 47. Kc1 g5 48. Rxa6 f6 49. Ra7+ Ke6 50. a4 bxa4 51. Rxa4 Kf7 52. Ra3 Kg7 53. Rc3 Bf1 54. Rc7+ Kg6 55. c4 g4 56. fxg4 Kg5 57. b5 Kf4 58. b6 Be2 59. Bxe2 Rxe2 60.
b7 Rxe4 61. b8=Q Rd4 62. Qb5 1-0

[Event "*** Titled Tuesday Blitz"]
[Site "Chess.com"]
[Date "2020.04.07"]
[Round "6"]
[White "flomarechot"]
[Black "cuprichanin"]
[Result "1-0"]
[WhiteElo "2188"]
[BlackElo "2309"]
[TimeControl "180+1"]
[EndTime "14:08:53 PDT"]
[Termination "flomarechot won on time"]

1. Nf3 Nc6 2. d4 d5 3. g3 Nf6 4. Bg2 g6 5. O-O Bg7 6. c4 e6 7. a3 dxc4 8. e3 O-O 9. Nbd2 e5 10.
dxe5 Ng4 11. Nxc4 Be6 12. Qc2 Bxc4 13. Qxc4 Ngxe5 14. Nxe5 Nxe5 15. Qc2 c6 16. Rd1 Qf6 17. Bd2 Nf3+ 18. Bxf3 Qxf3 19. Bc3 Rfd8 20. Bxg7 Kxg7 21. Rd2 Rxd2 22. Qxd2 Qf6 23. Rd1 Re8 24. b4 h5 25. h4 Re4 26. Qd7 Qf3 27. Rd4 Rxd4 28. Qxd4+ Qf6 29. Qxa7 b5 30. Qd4 Qxd4 31. exd4 Kf6 32. Kf1 Kf5 33. f3 g5 34. hxg5 Kxg5 35. Kf2 f5 36. Ke3 f4+ 37. gxf4+ Kf5 38. d5 cxd5 39. a4 bxa4 40. b5 a3 41. b6 a2 42.
b7 a1=Q 43. b8=Q Qc1+ 44. Kf2 Qxf4 45. Qf8+ Kg5 46. Qg7+ Kh4 47. Qe7+ Kh3 48. Qe6+ Kh2 49. Qxd5 h4 50. Qd1 Qg3+ 51. Ke3 h3 52. Qe2+ Kh1 53. Ke4 Qg6+ 54. Kf4 1-0

[Event "*** Titled Tuesday Blitz"]
[Site "Chess.com"]
[Date "2020.04.07"]
[Round "6"]
[White "DDTerziev04"]
[Black "Budisavljevic"]
[Result "0-1"]
[WhiteElo "2241"]
[BlackElo "2466"]
[TimeControl "180+1"]
[EndTime "14:08:55 PDT"]
[Termination "Budisavljevic won by resignation"]

1. e4 c5 2. Nf3 e6 3. g3 d5 4.
exd5 exd5 5. d4 Nf6 6. Bg2 Be7 7.
O-O O-O 8. Re1 Nc6 9. c3 Bg4 10.
Be3 cxd4 11. Bxd4 Ne4 12. Nbd2 Nxd4 13. cxd4 Ng5 14. Qb3 Rb8 15. Ne5 Nh3+ 16. Kf1 Be6 17. Ndf3 Re8 18. Ng1 Nxg1 19. Kxg1 Bf6 20. f4 Qb6 21.
Qxb6 axb6 22. Rac1 Rbc8 23. h3 h5 24. Kh2 Kf8 25.
Bf3 g6 26. g4 hxg4 27. hxg4 Kg7 28. Kg3 Rh8 29. Rh1 Bh4+ 30. Kg2 Be7 31. a3 Rxh1 32.
Rxh1 Rc2+ 33. Kg3 Rxb2 34. Rc1 Rb3 35. Rc7 Bxa3 36. Rxb7 Bb2 37. f5 Bxd4 38. fxe6 Bxe5+ 39. Kg2 Bd6 40. Rxf7+ Kh6 41. Bxd5 Re3 42. Rd7 Bc5 43. Bc4 Kg5 44. Rd3 Re5 45. Rd5 Rxd5 46. Bxd5 Kxg4 47.
Bc4 Kg5 48. Kg3 Bd6+ 49. Kf3 Kf5 50. Bd3+ Kf6 51. Kg4 Be7 52. Bc4 g5 53. Bb3 Ke5 54. Ba2 Kd4 55. Kf5 b5 56. Bb3 b4 57. Kg6 g4 58. Kf7 Bc5 59. Bd1 g3 60. Bf3 b3 0-1

[Event "*** Titled Tuesday Blitz"]
[Site "Chess.com"]
[Date "2020.04.07"]
[Round "6"]
[White "IljaJoke"]
[Black "AndrewDGreen"]
[Result "1-0"]
[WhiteElo "2499"]
[BlackElo "2321"]
[TimeControl "180+1"]
[EndTime "14:08:56 PDT"]
[Termination "IljaJoke won on time"]

1. d4 Nf6 2. c4 g6 3. Nc3 Bg7 4. e4 d6 5. Be2 O-O 6. Be3 c5 7. Nf3 cxd4 8. Nxd4 Nc6 9. O-O Nxd4 10. Bxd4 Bd7 11.
h3 a6 12. Qc2 Qa5 13. a3 Rfc8 14. b4 Qd8 15. Qd2 Be6 16. Nd5 Nxe4 17. Qb2 Bxd4 18. Qxd4 Bxd5 19. cxd5 Nf6 20. h4 h5 21. g3 Rc7 22.
Rfe1 Rac8 23. Bd3 Qd7 24. Kg2 Qg4 25. Qxg4 Nxg4 26. Rad1 Kf8 27. Be2 Ne5 28. f4 Nc4 29. Bxc4 Rxc4 30. Rd3 Rc2+ 31. Kf3 Ra2 32. Rde3 Rc7 33.
f5 Rd2 34. fxg6 fxg6 35. Ke4 Kg7 36. Rd3 Rcc2 37. Ree3 Rg2 38. Kd4 Kf7 39. Rf3+ Ke8 40. Rc3 b5 41. Rxc2 Rxc2 42. Kd3 Rc4 43. Re3 Rg4 44. Rf3 Kd7 45. Re3 Rc4 46. Re6 Rg4 47. Re3 Ke8 48. Ke2 Kf7 49. Kd3 Kf6 50. Re6+ Kf7 51.
Re3 Rc4 52. Rf3+ Kg7 53. Re3 Kf6 54. Rf3+ Ke5 55. Re3+ Kxd5 56. Rxe7 Rg4 57. Re3 Kc6 58. Ke2 Kb6 59. Kf3 Kc6 60. Re6 Kd5 61. Re8 Kc4 62. Ra8 d5 63. Rxa6 d4 64. Rc6+ Kb3 65. Rc5 Ka4 66. Rd5 Kxa3 67. Rxb5 Kb3 68. Rb8 d3 69. Rd8 1-0

[Event "*** Titled Tuesday Blitz"]
[Site "Chess.com"]
[Date "2020.04.07"]
[Round "6"]
[White "indfraeng"]
[Black "Borsuk_Konstantin"]
[Result "0-1"]
[WhiteElo "2233"]
[BlackElo "2454"]
[TimeControl "180+1"]
[EndTime "14:08:59 PDT"]
[Termination "Borsuk_Konstantin won by checkmate"]

1. d4 Nf6 2. c4 e6 3. g3 Bb4+ 4. Bd2 Qe7 5. Bg2 O-O 6. Nf3 Bxd2+ 7. Qxd2 d6 8. Nc3 e5 9. e4 c6 10. O-O Bg4 11. h3 Bxf3 12. Bxf3 Nbd7 13. Rad1 Rad8 14. Bg2 g6 15. f4 Nh5 16. Qe3 a6 17. Kh2 Rfe8 18. a4 a5 19. Bf3 Ndf6 20. Bxh5 Nxh5 21. fxe5 dxe5 22. d5 Qb4 23. Qe2 Kg7 24. Rd2 Rc8 25.
d6 Rcd8 26. Qf2 Rd7 27. c5 b6 28. cxb6 Rb8 29. Qe3 Rxb6 30. Ne2 Rbb7 31. g4 Nf6 32.
Rfd1 Nxe4 33. Rc2 Qxa4 34. Rdc1 Rxd6 35. Rc4 Rb4 36. Qxe4 f6 37. Rxb4 Qxb4 38. Qxb4 axb4 39. Kg3 Rd2 40. Kf3 Rxb2 41. Rxc6 Rb3+ 42. Kf2 Rxh3 43. Kg2 Rd3 44. Rc4 Rd2 45. Kf3 b3 46. Rb4 b2 47.
Ke3 Rd1 48. Rxb2 Kh6 49. Rb7 Kg5 50. Kf3 Rd3+ 51. Kg2 Kxg4 52. Rxh7 Rd2 53. Kf2 f5 54. Re7 e4 55. Re6 g5 56. Ke3 Rd3+ 57. Kf2 Rf3+ 58. Ke1 Ra3 59. Kf2 Ra2 60. Ke1 Ra3 61. Nd4 Rd3 62.
Ne2 Kf3 63. Kf1 f4 64. Ng1+ Ke3 65. Kg2 g4 66. Rg6 Rd2+ 67. Kh1 g3 68. Rf6 Rh2# 0-1

[Event "*** Titled Tuesday Blitz"]
[Site "Chess.com"]
[Date "2020.04.07"]
[Round "6"]
[White "Bambi2006"]
[Black "Ali_rastbod"]
[Result "1-0"]
[WhiteElo "2507"]
[BlackElo "2604"]
[TimeControl "180+1"]
[EndTime "14:09:01 PDT"]
[Termination "Bambi2006 won on time"]

1. d4 Nf6 2. c4 e6 3. g3 c5 4.
Nf3 b6 5. d5 exd5 6. cxd5 Bb7 7. Nc3 d6 8. Bg2 g6 9. O-O Bg7 10. Re1 O-O 11. e4 Nbd7 12. Bf4 Ne8 13. Qd2 Ne5 14.
a3 a6 15. Bh6 b5 16. Rad1 Rc8 17. Nxe5 Bxh6 18. Qxh6 dxe5 19. f4 Qd6 20. fxe5 Qxe5 21. Qf4 f6 22. d6 Rd8 23. d7 Nc7 24. Qxe5 fxe5 25. Bh3 Rf6 26. Nd5 Bxd5 27. exd5 Rd6 28. Rxe5 Kg7 29. Rf1 Rxd5 30. Re7+ Kh6 31. Bg4 Kg5 32.
Rxh7 c4 33. Rf4 Rf5 34. Bxf5 gxf5 35. Rf7 Kg6 36. R7xf5 Rxd7 37. h4 Rd2 38. Rf2 Rd1+ 39. Kg2 Nd5 40. h5+ Kh6 41. Kh3 Rh1+ 42. Kg2 Rd1 43.
Kf3 Ne7 44. Rc5 Rd6 45. g4 Nc6 46. Kg3 Rd3+ 47. Kh4 Nd4 48. g5+ Kg7 49. Rc7+ Kg8 50. g6 Nf3+ 51. Kg4 Ne5+ 52. Kf5 Nd7 53. h6 Rd6 54. Rc8+ Nf8 55. g7 1-0

[Event "*** Titled Tuesday Blitz"]
[Site "Chess.com"]
[Date "2020.04.07"]
[Round "6"]
[White "IMJonathanCarlstedt"]
[Black "TomPolgar"]
[Result "1-0"]
[WhiteElo "2472"]
[BlackElo "2310"]
[TimeControl "180+1"]
[EndTime "14:09:03 PDT"]
[Termination "IMJonathanCarlstedt won on time"]

1. d4 Nf6 2. Bf4 g6 3. e3 Bg7 4. Nf3 O-O 5. Be2 d6 6. h3 b6 7. O-O Bb7 8. c4 Nbd7 9. Nc3 Ne4 10. Qc2 Nxc3 11. Qxc3 Qe8 12. Bg3 e5 13. Qc2 Qe7 14. Rad1 Rad8 15. d5 a5 16. a3 f5 17. Bh4 Nf6 18. e4 f4 19. b4 axb4 20. axb4 h6 21. Bxf6 Bxf6 22. c5 g5 23. Nd2 bxc5 24. bxc5 Bc8 25.
Bg4 Bxg4 26. hxg4 h5 27. gxh5 Qh7 28. g4 fxg3 29. fxg3 Qxh5 30. Nf3 g4 31. Nh2 Bg5 32.
Qe2 Ra8 33. cxd6 cxd6 34. Qxg4 Qxg4 35. Nxg4 Rxf1+ 36. Rxf1 Ra3 37. Kg2 Ra4 38. Rf5 Be7 39. Nf2 Rd4 40. Rf3 Kg7 41. Rd3 Rc4 42. Kf3 Bg5 43.
Rb3 Rc2 44. Rb6 Be7 45. Ng4 Kf7 46. Ne3 Rc1 47. Nf5 Rf1+ 48. Kg2 Re1 49. Rb7 Kf6 50. Nxe7 Rxe4 51. Nc8 Rd4 52. Rb5 Rd2+ 53. Kf3 Rd3+ 54. Kf2 e4 55. Nxd6 Ke5 56. Nc4+ Kd4 57. Nb2 e3+ 58.
Ke1 Rd2 59. d6 Kc3 60. Rb6 Rh2 61. d7 Rh8 62. Rd6 Rd8 63. Nd3 Kc4 64. Ke2 Kb5 65. Kxe3 1-0

[Event "*** Titled Tuesday Blitz"]
[Site "Chess.com"]
[Date "2020.04.07"]
[Round "6"]
[White "almo64"]
[Black "GeorgMeier"]
[Result "0-1"]
[WhiteElo "2675"]
[BlackElo "3000"]
[TimeControl "180+1"]
[EndTime "14:09:04 PDT"]
[Termination "GeorgMeier won on time"]

1. e4 e6 2. d4 d5 3. Nc3 dxe4 4. Nxe4 Nd7 5. Bd3 Ngf6 6. c3 Nxe4 7. Bxe4 Nf6 8. Bc2 c5 9. Nf3 cxd4 10. Qxd4 Qxd4 11. Nxd4 Bd7 12. f3 Bc5 13. Be3 Rc8 14.
Bf2 Ke7 15. Rd1 Rhd8 16. O-O Bb6 17. Rfe1 Kf8 18. a4 Be8 19. Bb3 h6 20. Ra1 Bc5 21.
a5 a6 22. Re5 Bd6 23. Rxe6 fxe6 24. Nxe6+ Ke7 25. Re1 Kd7 26. Bb6 Be7 27. Bxd8 Bxd8 28. Nxg7 Bg6 29. Be6+ Kc7 30. Bxc8 Kxc8 31. b4 Nd5 32. Re6 Bb1 33. Rxh6 Bf6 34. Ne6 Bxc3 35. Rh5 Ba2 36. g4 Bxb4 37. Rh8+ Kd7 38. Nd4 Bxa5 39. Rh7+ Kd6 40. Nf5+ Ke5 41. Kf2 Bb6+ 42. Kg3 a5 43. Rxb7 Bc7 44. f4+ Ke4 45. Rxc7 Nxc7 46. h4 a4 47. h5 a3 48. Ne7 Ne6 49. h6 Nf8 50. f5 Bf7 51. g5 a2 52. g6 a1=Q 53.
h7 Qc3+ 54. Kh4 Qe1+ 55. Kg5 Qg3+ 56. Kf6 Bxg6 57. fxg6 Qe5+ 58. Kf7 Ne6 59. g7 Qxg7+ 60. Kxe6 Qxh7 0-1

[Event "*** Titled Tuesday Blitz"]
[Site "Chess.com"]
[Date "2020.04.07"]
[Round "6"]
[White "suyu28"]
[Black "attack2mateU"]
[Result "0-1"]
[WhiteElo "2495"]
[BlackElo "2667"]
[TimeControl "180+1"]
[EndTime "14:09:04 PDT"]
[Termination "attack2mateU won on time"]

1. d4 Nf6 2. c4 g6 3. Nc3 d5 4. cxd5 Nxd5 5. e4 Nxc3 6. bxc3 Bg7 7. Nf3 c5 8. Bc4 O-O 9. Be3 Bg4 10. O-O cxd4 11.
cxd4 Nc6 12. e5 Rc8 13. Bb3 Na5 14. h3 Bf5 15. Nh4 Be4 16. Ba4 a6 17. f3 Bd5 18. f4 Nc4 19. Qe2 Qa5 20. Bb3 Rfd8 21. f5 Qc3 22. Bf2 Bh6 23. e6 Bg5 24. exf7+ Bxf7 25. fxg6 hxg6 26. Qg4 Bxh4 27. Bxh4 Qxd4+ 28. Qxd4 Rxd4 29. Bxe7 b5 30. Bf6 Re4 31. Rac1 Rce8 32. Ba1 Re2 33. Rf4 Bd5 34. Rf2 Re1+ 35. Rf1 R1e2 36. Rf2 a5 37. Bd4 a4 38. Bxc4 Bxc4 39. a3 Rxf2 40.
Kxf2 Re2+ 41. Kf3 Rd2 42. Bc5 Bd5+ 43. Kf4 Rxg2 44. Bb4 Kf7 45. Ke5 Bc4 46. Rd1 g5 47. Rd7+ Kg6 48. Bf8 Re2+ 49. Kd6 Rd2+ 50. Kc7 Rxd7+ 51.
Kxd7 Kh5 52. Be7 Bf1 53. Kc6 Bxh3 54. Kxb5 Bd7+ 55. Kb4 g4 56. Bd6 Kg6 57. Kc3 Kf5 58.
Kb2 Ke4 59. Bc7 Kf3 0-1

[Event "*** Titled Tuesday Blitz"]
[Site "Chess.com"]
[Date "2020.04.07"]
[Round "6"]
[White "Chopper1905"]
[Black "NewBornNow"]
[Result "0-1"]
[WhiteElo "2842"]
[BlackElo "2669"]
[TimeControl "180+1"]
[EndTime "14:09:05 PDT"]
[Termination "NewBornNow won by resignation"]

1. d4 d6 2. Nf3 Nf6 3. c4 g6 4. Nc3 Bf5 5. Nh4 Bd7 6. e4 e5 7. Nf3 Nc6 8. d5 Ne7 9. c5 Bg7 10. Be2 O-O 11. cxd6 cxd6 12. O-O Ne8 13. a4 h6 14. Nd2 f5 15. Nc4 g5 16. b3 fxe4 17. Nxe4 Nf5 18. Ba3 Bc8 19. Bg4 Nd4 20. Bxc8 Rxc8 21.
Ncxd6 Nxd6 22. Nxd6 Rb8 23. Qd3 Qd7 24. Ne4 Rf4 25.
d6 Qf5 26. Rfe1 g4 27. Rad1 h5 28. Bc5 b6 29. Bxd4 exd4 30. Qc4+ Kh8 31. Ng3 Qg5 32. Qc6 Rd8 33. Re8+ Rf8 34. Rxf8+ Rxf8 35. d7 h4 36. Ne4 Qf5 37. Qd6 Rd8 38. Rxd4 Bxd4 39. Qxd4+ Kh7 40. Nf6+ Kg6 41. Qxg4+ Qxg4 42. Nxg4 Kf5 43.
Ne3+ Ke4 44. Kf1 Rxd7 45. Ke2 Rd3 46. f3+ Kd4 47. Nf5+ Kc3 48. Nxh4 Kc2 49. f4 Rxb3 50. f5 Rb4 51. g3 Rxa4 52. f6 Re4+ 53. Kf3 Re6 54.
g4 Rxf6+ 55. Ke3 a5 56. g5 Rf8 57. Nf3 Re8+ 58. Kf4 a4 59. Nd4+ Kb2 60. Nb5 a3 61. Nxa3 Kxa3 62. h4 b5 63. h5 b4 64. g6 b3 65. h6 b2 66. g7 b1=Q 67. g8=Q Rxg8 0-1

[Event "*** Titled Tuesday Blitz"]
[Site "Chess.com"]
[Date "2020.04.07"]
[Round "6"]
[White "Semen_Khanin"]
[Black "A-Fier"]
[Result "1-0"]
[WhiteElo "2657"]
[BlackElo "2811"]
[TimeControl "180+1"]
[EndTime "14:09:05 PDT"]
[Termination "Semen_Khanin won by checkmate"]

1. e4 c5 2. Nf3 e6 3. d4 cxd4 4. Nxd4 Nf6 5. Nc3 Nc6 6. Ndb5 d6 7. Bf4 e5 8. Bg5 a6 9. Na3 b5 10. Bxf6 gxf6 11. Nd5 Bg7 12. c3 f5 13. exf5 Bxf5 14.
Nc2 Be6 15. g3 O-O 16. Bg2 f5 17. O-O a5 18. a4 b4 19. cxb4 axb4 20. Ndxb4 Nxb4 21. Nxb4 e4 22. a5 Bxb2 23. Rb1 Bg7 24. a6 d5 25. Qa4 d4 26. Rfd1 Kh8 27. Nc6 Qd7 28. Qb5 d3 29. Qb7 Rfc8 30. Rb6 Qf7 31. g4 Qg6 32. h3 Bd5 33. Ne7 Qxb6 34. Qxb6 Bc4 35. Nxf5 Rab8 36. Qa7 Be5 37. Bxe4 Bb3 38. Qe7 Re8 39. Rxd3 Rxe7 40. Nxe7 Bc2 41. a7 Re8 42.
Re3 Bd4 43. a8=Q Rxa8 44. Bxa8 Bxe3 45. fxe3 Kg7 46. Kf2 Kf6 47. Nd5+ Kg5 48. Nf4 Kh4 49.
Bg2 h6 50. Nh5 Bg6 51. Ng3 Kg5 52. Nf5 h5 53. Bf3 hxg4 54. hxg4 Bf7 55. Kg3 Kf6 56. Kf4 Kg6 57. g5 Kh7 58. e4 Kg6 59. e5 Be6 60. Nd6 Kg7 61. Be4 Bf7 62. Nf5+ Kh8 63. Nh6 Be6 64. g6 Kg7 65. Kg5 Kh8 66. Nf5 Bf7 67. gxf7 Kh7 68. Kf6 Kh8 69. f8=Q+ Kh7 70. Qg7# 1-0

[Event "*** Titled Tuesday Blitz"]
[Site "Chess.com"]
[Date "2020.04.07"]
[Round "6"]
[White "Natalya_Buksa"]
[Black "DryCounty"]
[Result "1/2-1/2"]
[WhiteElo "2460"]
[BlackElo "2593"]
[TimeControl "180+1"]
[EndTime "14:09:05 PDT"]
[Termination "Game drawn - insufficient material"]

1. e4 e5 2. Nf3 Nc6 3. Bb5 a6 4.
Ba4 Nf6 5. O-O Nxe4 6. Re1 Nc5 7. Bxc6 dxc6 8. Nxe5 Be7 9. d4 Ne6 10. c3 O-O 11. Nd2 Bf6 12. Ndf3 Qd5 13. Bd2 b6 14. Qc2 Bb7 15. Ng4 Be7 16. Re5 Qd8 17. Rh5 g6 18. Rh3 c5 19. Bh6 Re8 20. Rd1 Bxf3 21. Rxf3 cxd4 22.
Ne5 Bf6 23. Nc6 Qd7 24. Rxf6 Qxc6 25. h4 Rad8 26. h5 dxc3 27. Rxd8 Rxd8 28. bxc3 Qd5 29. hxg6 Qd1+ 30. Qxd1 Rxd1+ 31. Kh2 hxg6 32. Rf3 c5 33. Bf4 Nxf4 34. Rxf4 Rd2 35. Rf6 Rxa2 36. Rxb6 a5 37. Rc6 Rxf2 38. Rxc5 Ra2 39. Kg3 a4 40. Ra5 Ra3 41. Rc5 Rb3 42. Kf4 a3 43. g4 Kg7 44.
Ra5 Rxc3 45. g5 Rb3 46. Ra8 Rb4+ 47. Kg3 Rb5 48. Kg4 Rb3 49. Kf4 Kh7 50. Kg4 Rb4+ 51.
Kg3 Rb3+ 52. Kf4 Rh3 53. Kg4 Rd3 54. Kf4 Kg7 55. Kg4 Rd4+ 56. Kg3 Rd5 57. Kg4 Rd3 58.
Kf4 f6 59. Ra7+ Kf8 60. gxf6 Rb3 61. Kg5 Rg3+ 62. Kh6 Rh3+ 63. Kxg6 Rg3+ 64. Kf5 Rf3+ 65. Kg5 Rg3+ 66. Kf4 Rg1 67. Rxa3 Kf7 68. Rf3 Kxf6 69. Ke3+ Ke6 70. Kf2 Rg6 71. Ra3 Rf6+ 72. Ke3 Kf7 73. Ke4 Re6+ 74. Kf5 Re1 75. Ra7+ Ke8 76. Kf6 Rf1+ 77.
Ke5 Re1+ 78. Kd4 Rd1+ 79. Ke3 Rd7 80. Ra8+ Rd8 81. Rxd8+ Kxd8 1/2-1/2

[Event "*** Titled Tuesday Blitz"]
[Site "Chess.com"]
[Date "2020.04.07"]
[Round "6"]
[White "JonahWillow"]
[Black "Firegrizzly"]
[Result "1-0"]
[WhiteElo "2776"]
[BlackElo "2603"]
[TimeControl "180+1"]
[EndTime "14:09:06 PDT"]
[Termination "JonahWillow won by resignation"]

1. e4 c5 2. Nf3 d6 3. d4 cxd4 4. Qxd4 Nc6 5. Bb5 Bd7 6. Bxc6 Bxc6 7. Nc3 Nf6 8. Bg5 e6 9. O-O-O Be7 10. Qd3 O-O 11. Nd4 Qa5 12. h4 Rfc8 13. f4 Be8 14. g4 b5 15. e5 b4 16. Nb3 Qb6 17.
exf6 gxf6 18. Ne4 Bb5 19. Qh3 Qc6 20. Qg2 fxg5 21. Nd4 Qa6 22. Nxb5 Qxa2 23. Nexd6 Rd8 24. Qb7 Bxd6 25. Nxd6 Qa1+ 26. Kd2 Rxd6+ 27. Ke2 Qa6+ 28. Qxa6 Rxa6 29. hxg5 Rc8 30. Rd2 Ra2 31. Rb1 a5 32. Kd1 a4 33. Rd4 b3 34. c4 e5 35. fxe5 Rc5 36. Re4 Kg7 37. Kd2 a3 38. Kc3 axb2 39. Rxb2 Ra1 40. Rxb3 Rc7 41. Kb2 Rg1 42. Rb6 Rg3 43. e6 fxe6 44. Rbxe6 Kf7 45. R6e5 Rb7+ 46. Rb5 Rc7 47. Rb6 Rd7 48. c5 Rd2+ 49. Kc1 Ra2 50. Kb1 Rd2 51. Rb2 Rd1+ 52. Kc2 Rf1 53. c6 Rf2+ 54. Kb1 Rf1+ 55. Ka2 Rc3 56. Rb7+ Kg6 57. Ree7 Kxg5 58. Rg7+ Kh4 59. Rxh7+ Kg3 60. c7 Rf2+ 61.
Kb1 Re3 62. c8=Q Re1+ 63. Qc1 Rxc1+ 64. Kxc1 Kxg4 65. Rbg7+ Kf3 66. Rf7+ Ke2 67. Rxf2+ 1-0